 Dungeon Crawl Stone Soup version 0.25.1-11-g244df3a29b (webtiles) character file.

Game seed: 2116818082055606299

44 kate the Skirmisher (level 3, -2/29 HPs)
             Began as a Demonspawn Fighter on Mar 1, 2024.
             Slain by a howler monkey skeleton (5 damage)
             ... on level 3 of the Dungeon.
             The game lasted 00:01:21 (891 turns).

kate the Skirmisher (Demonspawn Fighter)             Turns: 891, Time: 00:01:22

Health: -2/29      AC:  6    Str: 17    XL:     3   Next: 39%
Magic:  3/3        EV:  7    Int:  9    God:
Gold:   20         SH:  9    Dex: 12    Spells: 2/2 levels left

rFire    . . .     SeeInvis .   (no weapon)
rCold    . . .     Gourm    .   c - +0 kite shield
rNeg     . . .     Faith    .   b - +0 scale mail
rPois    .         Spirit   .   (no helmet)
rElec    .         Reflect  .   (no cloak)
rCorr    .         Harm     .   (no gloves)
MR       .....                  (no boots)
Stlth    ..........             (no amulet)
HPRegen  0.09/turn              (no ring)
MPRegen  0.08/turn              (no ring)

@: lethally poisoned (-2 -> -6)
A: claws 1, spiny 1
a: no special abilities


You were on level 3 of the Dungeon.
You were not hungry.

You visited 1 branch of the dungeon, and saw 3 of its levels.

You collected 20 gold pieces.

Inventory:

Hand Weapons
 a - a +0 trident
Missiles
 i - 13 poisoned darts (quivered)
Armour
 b - a +0 scale mail (worn)
 c - a +0 kite shield (worn)
Jewellery
 m - a cursed ring of teleportation {unknown}
Scrolls
 e - 2 scrolls of remove curse {unknown}
 k - 2 scrolls of amnesia {unknown}
 n - a scroll of enchant weapon {unknown}
Potions
 d - a potion of might
 g - a potion of lignification {unknown}
 j - a potion of magic {unknown}
 l - a potion of degeneration {unknown}
Comestibles
 f - 2 rations
 h - 4 chunks of flesh


   Skills:
 + Level 3.3 Fighting
 + Level 2.4 Polearms
 + Level 3.0 Armour
 + Level 3.0 Shields


You had 2 spell levels left.
You didn't know any spells.
Your spell library was empty.

Dungeon Overview and Level Annotations

Branches:
Dungeon (3/15)

Altars:


Innate Abilities, Weirdness & Mutations

You have sharp fingernails.
You are partially covered in sharp spines.


Message History

The jackal bites you but does no damage.
The jackal is struck by your spines.
The jackal bites you but does no damage.
The adder is struck by your spines. The adder completely misses you.
* * * LOW HITPOINT WARNING * * *
You feel sick. You block the adder's attack. You block the jackal's attack. x2
The adder bites you but does no damage. The jackal is struck by your spines.
You kill the jackal!
The adder is struck by your spines. The adder bites you but does no damage.
* * * LOW HITPOINT WARNING * * *
You feel sick. The jackal is struck by your spines.
You kill the jackal!
The adder bites you but does no damage. x2
You block the adder's attack. The jackal barely misses you.
You block the howler monkey skeleton's attack.
You block the adder's attack. x2; You block the jackal's attack.
You block the adder's attack.
The howler monkey skeleton is struck by your spines.
The howler monkey skeleton hits you.
You die...

. #(....... .#.#)......
.#......... # .........?
#.. #.........
.....##########...#.....
#......<.........S......
#........[......@h.....#
##..#.#########.SZ......
#..<. ..........# #...
............# .....
.........%....# ##.#
##.###......... #. #.
#...##.#.. # #...# ....


You could see 2 adders, a jackal and a howler monkey skeleton.

Vanquished Creatures
  An adder (D:3)
  A dart slug (D:1)
  A ball python (D:1)
  2 giant cockroaches (D:1)
  2 hobgoblins (D:1)
  10 jackals
  5 bats
  2 frilled lizards (D:1)
  2 kobolds (D:1)
  5 rats
31 creatures vanquished.

Notes
Turn   | Place    | Note
-------+----------+-------------------------------------------
     0 | D:1      | kate the Demonspawn Fighter began the quest for the Orb.
     0 | D:1      | Reached XP level 1. HP: 18/18 MP: 1/1
   370 | D:1      | Gained mutation: You are partially covered in sharp spines.
                  | [demonic ancestry]
   370 | D:1      | Reached XP level 2. HP: 24/24 MP: 2/2
   847 | D:1      | Gained mutation: You have sharp fingernails. [demonic
                  | ancestry]
   847 | D:1      | Reached XP level 3. HP: 29/29 MP: 3/3
   891 | D:3      | Slain by a howler monkey skeleton

Illustrated notes

Levels and vault maps discovered:
D:1:      sevenhm_arrival_forest_fort_large_2, layout_loops_cross
D:2:      layout_basic
D:3:      layout_basic, first_ration

Skill      XL: |  1  2  3 |
---------------+----------+-----
Polearms       | 2 |  2.4
Shields        | 3 |  3.0
Armour         | 3 |  3.0
Fighting       | |  3.3

Action                   || total
-------------------------++-------
Melee: Trident           ||    54
Armor: Scale mail        ||    52
Dodge: Dodged            ||    26
Block: Kite shield       ||    53
